 Dungeon Crawl Stone Soup version 0.27-a0-650-g8dd3ea4f36 (webtiles) character file.

Game seed: 7191630035614025029

11090 zzzxxxcccvvv the Grappler (level 11, -8/115 HPs)
             Began as a Troll Berserker on Mar 15, 2021.
             Was a High Priest of Trog.
             Mangled by a wyvern (12 damage)
             ... on level 2 of the Lair of Beasts.
             The game lasted 00:48:15 (9961 turns).

zzzxxxcccvvv the Grappler (Troll Berserker)         Turns: 9961, Time: 00:48:16

Health: -8/115     AC:  7    Str: 30    XL:     11   Next: 44%
Magic:  10/10      EV: 12    Int:  3    God:    Trog [*****.]
Gold:   669        SH:  5    Dex:  9    Spells: 10/10 levels left

rFire    . . .     SeeInvis .     - Unarmed
rCold    + + .     Faith    .   (no shield)
rNeg     . . .     Spirit   .   v - +0 robe {rC+ rF+}
rPois    .         Reflect  +   (helmet restricted)
rElec    .         Harm     .   d - +2 cloak
rCorr    .         Rampage  .   (gloves unavailable)
Will     .....                  (boots unavailable)
Stlth    +.........             o - amulet of reflection
HPRegen  1.29/turn              u - ring of ice
MPRegen  0.12/turn              (no ring)

@: studying Staves
A: large, unfitting armour, claws 3, regeneration 1, shaggy fur 1, tough skin 1
a: Renounce Religion, Berserk, Trog's Hand, Brothers in Arms


You were on level 2 of the Lair of Beasts.
You worshipped Trog.
Trog was extremely pleased with you.
You visited 2 branches of the dungeon, and saw 10 of its levels.
You also visited: Sewer.

You collected 669 gold pieces.

Inventory:

Missiles
 i - 6 curare-tipped darts
 l - 14 boomerangs (quivered)
 w - 229 stones
 B - 42 poisoned darts
 I - 4 atropa-tipped darts
Armour
 d - a +2 cloak (worn)
 v - a +0 robe of resistance (worn)
Jewellery
 o - an amulet of reflection (around neck)
 u - a ring of ice (right claw)
 J - an amulet of magic regeneration
 K - a ring of resist corrosion
 N - a +4 ring of protection
Wands
 M - a wand of random effects (19)
Scrolls
 a - a scroll of random uselessness {unknown}
 g - 5 scrolls of magic mapping {unknown}
 j - 13 scrolls of identify {unknown}
 m - 7 scrolls of teleportation {unknown}
 n - 3 scrolls of immolation {unknown}
 p - 3 scrolls of enchant weapon {unknown}
 q - 3 scrolls of noise {unknown}
 t - 2 scrolls of blinking {unknown}
 y - 7 scrolls of enchant armour {unknown}
 z - 3 scrolls of fear {unknown}
 E - 3 scrolls of fog {unknown}
 L - a scroll of amnesia {unknown}
Potions
 b - 9 potions of curing {unknown}
 c - 2 potions of degeneration {unknown}
 e - 4 potions of heal wounds {unknown}
 f - 2 potions of mutation {unknown}
 h - 2 potions of berserk rage {unknown}
 k - 3 potions of haste {unknown}
 r - a potion of might {unknown}
 s - a potion of flight {unknown}
 x - 3 potions of brilliance {unknown}
 A - 2 potions of magic {unknown}
 C - 4 potions of lignification {unknown}
 D - a potion of cancellation {unknown}
 H - a potion of ambrosia {unknown}
Miscellaneous
 F - a box of beasts
 G - a box of beasts


   Skills:
 + Level 9.1 Fighting
 * Level 9.3 Dodging
 + Level 11.1 Unarmed Combat


You had 10 spell levels left.
You didn't know any spells.
Your spell library contained the following spells:

 Spells                   Type           Power      Damage    Failure   Level
 Confusing Touch          Hex            0%         N/A       88%         3
 Gell's Gravitas          Tloc           0%         N/A       88%         3
 Petrify                  Tmut/Erth      0%         N/A       99%         4
 Metabolic Englaciation   Hex/Ice        0%         N/A       100%        5
 Yara's Violent Unravell  Hex/Tmut       0%         3d3       100%        5


Dungeon Overview and Level Annotations

Branches:
Dungeon (8/15)             Temple (0/1) D:7            Lair (2/6) D:8
 Spider (0/4) Lair:2        Sewer (visited)
  Swamp: Lair:2-4    Shoals: Lair:2-4

Altars:
Ashenzari
Dithmenos
Hepliaklqana
Ru
Uskayaw
The Shining One


Innate Abilities, Weirdness & Mutations

You are too large for most types of armour.
You have claws for hands.
Your natural rate of healing is unusually fast.
You are covered in fur. (AC +1)
You have tough skin. (AC +1)


Message History

* * * LOW HITPOINT WARNING * * *
You barely miss the yak.
The yak is lightly wounded.
The yak barely misses you.
You mangle the yak!!
The yak is heavily wounded.
A wyvern comes into view.
The wyvern hisses angrily.
You scratch the yak but do no damage.
The yak is heavily wounded.
The yak gores you!!
* * * LOW HITPOINT WARNING * * *
You mangle the yak!!
You kill the yak!
Trog accepts your kill.
You claw the wyvern!
The wyvern is moderately wounded.
The wyvern closely misses you.
You completely miss the wyvern.
The wyvern is moderately wounded.
The wyvern bites you!
* * * LOW HITPOINT WARNING * * *
The wyvern barely misses you.
You claw the wyvern! You claw the wyvern, but do no damage.
The wyvern is severely wounded.
The wyvern closely misses you.
You completely miss the wyvern.
The wyvern is severely wounded.
The wyvern bites you!
* * * LOW HITPOINT WARNING * * *
You scratch the wyvern.
The wyvern is severely wounded.
The wyvern closely misses you.
You closely miss the wyvern.
The wyvern is severely wounded.
You block the wyvern's attack.
You scratch the wyvern but do no damage.
The wyvern is severely wounded.
The wyvern bites you!
You die...

#.....###.........##
#.^...#..........#
###...............## .
##^#.†...........### Y..
##^^^............##
....#^^^.†.^.......###
..^..^>^..........##
#...^^^^..†......###.##
#^...#^^^..†@.P.##P#.P#
#^^^^..###..l..#.#.....##
.##^^.. ##...#....#+...#
###..............#.⌠.## ##
..............#.....## ..
.............##.......###..
.........................#..
.....^...##........[..#..
........##.........#...#.


You could see a wyvern.

Vanquished Creatures
  The ghost of chippings the Slasher, a novice HuMo of Wu Jian (D:7)
  Pikel (D:6)
  A black mamba (Lair:2)
  5 cane toads (Lair:1)
  Maggie (Lair:2)
  3 komodo dragons
  2 trolls (D:7)
  A wraith (D:8)
  A redback (Lair:2)
  A wyvern (D:3)
  9 yaks
  A basilisk (Lair:1)
  A steam dragon (D:8)
  4 water moccasins
  2 ice beasts (D:7)
  3 black bears
  A sky beast (D:5)
  5 ogres
  2 wolves (Lair:1)
  2 centaurs
  2 phantoms (D:7)
  A kobold brigand (D:7)
  10 bullfrogs
  3 scorpions
  5 killer bees
  9 wights
  A spectral bullfrog (D:7)
  2 howler monkeys
  A bullfrog zombie (D:5)
  A gnoll shaman (D:5)
  3 jellies
  2 bullfrog skeletons (D:6)
  An orc priest (D:5)
  6 hounds
  2 centaur skeletons
  An iguana (D:4)
  4 orc wizards (D:8)
  8 worker ants
  A hound zombie (D:7)
  2 howler monkey zombies (D:7)
  2 howler monkey skeletons (D:7)
  17 adders
  17 gnolls
  3 river rats (Sewer)
  2 shadow imps
  3 white imps
  An ufetubus (D:7)
  10 oozes
  An adder zombie (D:7)
  4 worms
  An adder skeleton (D:7)
  6 dart slugs
  An adder simulacrum (D:7)
  4 leopard geckos
  28 orcs
  12 ball pythons
  5 giant cockroaches
  4 goblins
  8 hobgoblins
  5 jackals
  5 quokkas
  9 bats
  9 frilled lizards
  14 kobolds
  2 quokka skeletons
  32 rats
317 creatures vanquished.

Vanquished Creatures (others)
  5 fungi
  9 plants
  6 toadstools (D:2)
20 creatures vanquished.

Grand Total: 337 creatures vanquished

Notes
Turn   | Place    | Note
-------+----------+-------------------------------------------
     0 | D:1      | zzzxxxcccvvv the Troll Berserker began the quest for the
                  | Orb.
     0 | D:1      | Reached XP level 1. HP: 22/22 MP: 0/0
   149 | D:1      | Reached XP level 2. HP: 29/29 MP: 1/1
   505 | D:2      | Reached ** piety under Trog
   530 | D:2      | Reached XP level 3. HP: 36/36 MP: 2/2
   675 | D:2      | Reached skill level 4 in Unarmed Combat
   692 | D:2      | Reached XP level 4. HP: 44/44 MP: 3/3
   851 | D:2      | Reached XP level 5. HP: 39/53 MP: 4/4
  1082 | D:2      | Reached skill level 5 in Unarmed Combat
  1114 | D:2      | Found a faded altar of an unknown god.
  1307 | D:3      | Noticed a wyvern
  1314 | D:3      | Killed a wyvern
  1315 | D:3      | Reached XP level 6. HP: 48/61 MP: 5/5
  1353 | D:3      | Reached *** piety under Trog
  2293 | D:4      | Reached skill level 6 in Unarmed Combat
  2310 | D:4      | Reached XP level 7. HP: 60/68 MP: 6/6
  2365 | D:4      | Found a glowing golden altar of the Shining One.
  2896 | D:4      | Found a glowing drain.
  2905 | Sewer    | Entered a sewer
  2991 | Sewer    | Reached **** piety under Trog
  3139 | Sewer    | Reached skill level 7 in Unarmed Combat
  3146 | Sewer    | Reached XP level 8. HP: 61/79 MP: 7/7
  3303 | D:5      | Entered Level 5 of the Dungeon
  3779 | D:5      | Reached skill level 8 in Unarmed Combat
  3908 | D:5      | Reached skill level 5 in Fighting
  3951 | D:5      | Reached skill level 5 in Dodging
  4117 | D:6      | Reached ***** piety under Trog
  4359 | D:6      | Identified the +3 scale mail of the Lobster {Str+6}
  4541 | D:6      | Reached skill level 9 in Unarmed Combat
  4541 | D:6      | Reached XP level 9. HP: 81/88 MP: 8/8
  4562 | D:6      | Noticed Pikel
  4575 | D:6      | Killed Pikel
  4703 | D:6      | Received a gift from Trog
  4992 | D:6      | Found a sacrificial altar of Ru.
  4992 | D:6      | Found a broken altar of Ashenzari.
  5034 | D:6      | Found a hazy altar of Hepliaklqana.
  5035 | D:6      | Found a shadowy altar of Dithmenos.
  5256 | D:7      | Noticed a troll
  5258 | D:7      | Noticed a troll
  5272 | D:7      | Killed a troll
  5284 | D:7      | Killed a troll
  5296 | D:7      | Reached skill level 10 in Unarmed Combat
  5378 | D:7      | Reached XP level 10. HP: 100/100 MP: 9/9
  5475 | D:7      | Found a staircase to the Ecumenical Temple.
  5655 | D:7      | Found a hide-covered altar of Uskayaw.
  5956 | D:7      | Found a runed translucent gate.
  5956 | D:7      | Found a runed translucent gate.
  5956 | D:7      | Found a runed translucent gate.
  5958 | D:7      | Noticed chippings's ghost (novice HuMo)
  5976 | D:7      | Killed chippings's ghost
  7996 | D:8      | Found a staircase to the Lair.
  8260 | Lair:1   | Entered Level 1 of the Lair of Beasts
  8365 | Lair:1   | Noticed a cane toad
  8368 | Lair:1   | Noticed a cane toad
  8375 | Lair:1   | Killed a cane toad
  8427 | Lair:1   | Killed a cane toad
  8456 | Lair:1   | Noticed a cane toad
  8465 | Lair:1   | Noticed a cane toad
  8470 | Lair:1   | Reached XP level 11. HP: 84/113 MP: 10/10
  9587 | Lair:2   | Noticed Maggie
  9601 | Lair:2   | Killed Maggie
  9607 | Lair:2   | Reached skill level 11 in Unarmed Combat
  9735 | Lair:2   | Found a hole to the Spider Nest.
  9958 | Lair:2   | HP: 1/115 [wyvern (12)]
  9961 | Lair:2   | Mangled by a wyvern

Illustrated notes

Levels and vault maps discovered:
D:1:      erik_arrival_triangle_small, layout_rooms, minivault_27
D:2:      cheibrodos_fertilizer, layout_basic, chequers_ecumenical_altar_lobes,
          minmay_liquid_box
D:3:      layout_basic
D:4:      layout_cave_pools, kennysheep_little_box, portal_sewer_entry_d,
          chequers_serial_rivers_micro_a, kennysheep_generic_room_4
D:5:      layout_gridville, sigmund_army
D:6:      layout_loops_corners, riverfiend_overflow_shadow_ancestor,
          gammafunk_temple_overflow_pools, uniq_pikel
D:7:      minmay_the_grid_square_5x5_3x3
          [minmay_the_grid_square_5x5_checkered_statues,
          minmay_the_grid_square_5x5_moneybag,
          minmay_the_grid_square_5x5_misaligned,
          minmay_the_grid_square_5x5_bracketed,
          minmay_the_grid_square_5x5_megaprize_open,
          minmay_the_grid_square_5x5_six_small, minmay_the_grid_square_5x5_n,
          minmay_the_grid_square_5x5_eight_small,
          minmay_the_grid_square_5x5_dogpile], layout_loops_ring,
          kennysheep_mini_moat, minmay_temple_entry_antechambers,
          gammafunk_ghost_necromancy, hangedman_decor_diamond_cutter
D:8:      layout_gridville, david_lair_shrubbed
Lair:1:   layout_cave_pods, beast_lair_carwin_6, grunt_megastairs_1
Lair:2:   layout_hall_layers, spider_nest_entry_webs, gammafunk_ghost_ooze,
          basic_altar, grunt_megastairs_5, uniq_maggie

Skill      XL: |  1  2  3  4  5  6  7  8  9 10 11 |
---------------+----------------------------------+-----
Unarmed Combat | 4 5 6 7 9 10 11 | 11.1
Dodging        | 3 4 5 6 8 9 |  9.3
Fighting       | 3 4 5 6 8 9 |  9.1

Action                   |  1- 3 |  4- 6 |  7- 9 | 10-12 || total
-------------------------+-------+-------+-------+-------++-------
Melee: Unarmed           |    81 |   178 |   364 |   303 ||   926
       Punch             |     3 |     2 |    10 |    18 ||    33
Throw: Boomerang         |       |     3 |     8 |     8 ||    19
Invok: Berserk           |       |       |     4 |     1 ||     5
Armor: Animal skin       |    29 |    49 |       |       ||    78
       Robe              |       |     6 |   120 |    57 ||   183
Dodge: Dodged            |    46 |    60 |   198 |   104 ||   408
Block: Other             |       |    29 |    81 |    44 ||   154
       Reflection        |       |     2 |     1 |       ||     3

Table legend: (Time is in decaauts)
 A = Elapsed time spent in this place.
 B = Non-inter-level travel time spent in this place.
 C = Inter-level travel time spent in this place.
 D = Time resting spent in this place.
 E = Time spent auto-exploring this place.
 F = Levels seen in this place.
 G = Mean time per level.
                   A        B        C        D        E       F      G
               +--------+--------+--------+--------+--------+-----+--------+
         Total |   9946 |   9688 |    258 |   2002 |   5007 |  11 |  904.2 |
       Dungeon |   7931 |   7710 |    221 |   1528 |   4072 |   8 |  991.4 |
          Lair |   1678 |   1641 |     37 |    451 |    800 |   2 |  839.0 |
         Sewer |    336 |    336 |      0 |     22 |    134 |   1 |  336.0 |
               +--------+--------+--------+--------+--------+-----+--------+

Top non-repeatable levels by time:
     D:8: 2046 daAuts
  Lair:1: 1255 daAuts
     D:6: 1081 daAuts
     D:7: 1001 daAuts
     D:3: 913 daAuts
     D:5: 817 daAuts
     D:2: 796 daAuts
     D:4: 779 daAuts
     D:1: 495 daAuts
  Lair:2: 422 daAuts
   Sewer: 336 daAuts
